 Dungeon Sprint DCSS version 0.20.1-1-g8b1a95d (webtiles) character file.

28368 potatolord6000 the Executioner (level 13, -1/139 HPs)
             Began as a Hill Orc Monk on Sept 7, 2017.
             Was the Champion of Beogh.
             Slain by an orc warrior
             ... wielding a +2 trident of pain
             ... led by an orc knight
              (2 damage)
             ... in the Dungeon (Sprint VII: "The Pits").
             The game lasted 00:23:41 (2562 turns).

potatolord6000 the Executioner (Hill Orc Monk)      Turns: 2562, Time: 00:23:41

Health: -1/139     AC: 27    Str: 19    XL:     13   Next: 38%
Magic:  23/27      EV:  9    Int: 11    God:    Beogh [******]
Gold:   47         SH:  0    Dex: 13    Spells: 12/12 levels left

rFire    . . .     SeeInvis .   q - +4 war axe (vamp)
rCold    . . .     Gourm    .   (no shield)
rNeg     . . .     Faith    .   r - +6 chain mail
rPois    .         Spirit   .   (no helmet)
rElec    .         Reflect  .   p - +2 cloak
rCorr    .         Harm     .   (no gloves)
MR       .....     NoTele   +   (no boots)
Stlth    ..........             (no amulet)
Regen    0.4/turn               b - +3 ring of intelligence
MPRegen  0.2/turn               f - +3 ring of protection

@: lethally poisoned (-1 -> -34)
A: walk on water, blurry vision 1, dopey 1
a: Smiting, Recall Orcish Followers, Give Item to Named Follower, Resurrection,
Renounce Religion


You were in the Dungeon.
You worshipped Beogh.
Beogh was exalted by your worship.
You were not hungry.

You visited 1 branch You collected 47 gold pieces.

Inventory:

Hand Weapons
 j - a +2 battleaxe of freezing
 q - a +4 vampiric war axe (weapon)
Armour
 p - a +2 cloak (worn)
 r - a +6 chain mail (worn)
Jewellery
 b - a +3 ring of intelligence (left hand)
 f - a +3 ring of protection (right hand)
Scrolls
 e - a scroll of recharging
 k - 3 scrolls of remove curse
 l - 6 scrolls of amnesia
 m - a scroll of summoning
 t - 3 scrolls of fog
 v - a scroll of blinking
 w - a scroll of identify
Potions
 a - 2 potions of invisibility
 d - 6 potions of curing
 h - a potion of berserk rage
 i - 3 potions of heal wounds
 u - a potion of brilliance
 x - a potion of cancellation
Comestibles
 c - 12 bread rations
 n - 40 fruits
 o - 9 meat rations


   Skills:
 + Level 19.7 Fighting
 + Level 21.2 Axes
 + Level 18.2 Armour
 - Level 2.4 Dodging
 - Level 1.5 Stealth
 + Level 20.9 Invocations


You had 12 spell levels left.
You didn't know any spells.

Dungeon Overview and Level Annotations

Branches:
Dungeon (1/1)

Altars:
Ashenzari
Cheibriados
Dithmenos
Elyvilon
Fedhas
Gozag
Hepliaklqana
Kikubaaqudgha
Makhleb
Nemelex Xobeh
Okawaru
Qazlal
Ru
Sif Muna
Trog
Uskayaw
Vehumet
Xom
Yredelemnul
Zin
The Shining One
Beogh
Jiyva
Lugonu


Innate Abilities, Weirdness & Mutations

You can walk on water.
Scrolls take you a little longer to read.
You are dopey. (Int -2)


Message History

The harpy closely misses your ice devil.
The harpy barely misses your ice devil.
You slash the harpy!
You feel better.
You kill the harpy!
Beogh accepts your kill.
A freezing mist starts to gather...
You hit the green death. You slash the harpy simulacrum!
A harpy simulacrum comes into view.
You feel sick.
The harpy simulacrum claws you but does no damage. x2
The blink frog hits your ice devil!
Your ice devil barely misses the blink frog.
The harpy simulacrum closely misses you.
The harpy simulacrum claws you but does no damage.
The green death gestures at you. The poison arrow hits you!
You are more poisoned.
* * * LOW HITPOINT WARNING * * *
The orc warrior hits you from afar with a trident of pain.
You die... . .. p.H

##p'### #####++### ....pF4####
#.........
..##.H2o..#####.........
....ZoH@.o...''..#....#.
..).ZZZ4o....'F.........
###############.........
#######################..#....#.
#....................''.........
#....................''.........
#..################..##..#....#.
#..##.#o#o#o#.#.#.#..##.........
#..#†#)#.#(#(#.#.##..##...[.....


You could see a green death, a hell knight, 2 necromancers, 3 harpies, 2 blink
frogs, an orc warrior, 3 harpy simulacra, an orc sorcerer simulacrum, the
friendly Grimold the orc knight, a friendly ice devil, a friendly chaos spawn, a
friendly orc sorcerer and a friendly orc wizard (invisible).

Vanquished Creatures
  Polyphemus (D)
  A frost giant (D)
  A ghost moth (D)
  A green draconian (D)
  A red draconian (D)
  A lorocyproca (D)
  An anaconda (D)
  A death knight (D)
  A catoblepas (D)
  A two-headed ogre (D)
  A merfolk aquamancer (D)
  An orc high priest (D)
  A fire crab (D)
  A shadow wraith (D)
  2 unseen horrors (D)
  A wizard (D)
  A phantasmal warrior (D)
  Pikel (D)
  2 harpies (D)
  An orc sorcerer (D)
  2 manticores (D)
  4 deep elf magi (D)
  A molten gargoyle (D)
  Joseph (D)
  2 smoke demons (D)
  A komodo dragon (D)
  2 rime drakes (D)
  A yaktaur (D)
  An ice devil (D)
  A red devil (D)
  A guardian mummy (D)
  A polar bear (D)
  2 tyrant leeches (D)
  A hornet (D)
  A vampire (D)
  8 yaks (D)
  6 redbacks (D)
  A spriggan (D)
  A ynoxinul (D)
  A basilisk (D)
  A water elemental (D)
  A wraith (D)
  2 wargs (D)
  2 floating eyes (D)
  2 swamp drakes (D)
  2 orc warriors (D)
  An ice beast (D)
  A phantom (D)
  A necrophage (D)
  An ogre (D)
  An earth elemental (D)
  A quasit (D)
  3 orc wizards (D)
  2 gnoll shamans (D)
  An orc priest (D)
  Jessica (D)
  A gnoll (D)
  2 oozes (D)
  A worm (D)
  An orc (D)
  A giant cockroach (D)
  A quokka (D)
  A bat (D)
  A bat simulacrum (D)
  A giant cockroach simulacrum (D)
  A leopard gecko simulacrum (D)
  2 rats (D)
97 creatures vanquished.

Vanquished Creatures (collateral kills)
  A minotaur (D)
  A merfolk javelineer (D)
  A two-headed ogre (D)
  An orc high priest (D)
  A shadow wraith (D)
  A harpy (D)
  A black mamba (D)
  An eye of devastation (D)
  Psyche (D)
  A demonic crawler (D)
  A komodo dragon (D)
  A merfolk (D)
  A wind drake (D)
  A tyrant leech (D)
  A hippogriff (D)
  A bog body (D)
  A water elemental (D)
  A neqoxec (D)
  4 yaks (D)
  2 centaurs (D)
  A wolf (D)
  A gnoll shaman (D)
  5 gnolls (D)
  A river rat (D)
  A white imp (D)
  2 orcs (D)
  A bat simulacrum (D)
36 creatures vanquished.

Vanquished Creatures (others)
  An orc high priest (D)
  3 orc sorcerers (D)
  2 slaves (D)
  An orc wizard (D)
  A gnoll (D)
  5 orcs (D)
  2 jackals (D)
  A kobold (D)
16 creatures vanquished.

Grand Total: 149 creatures vanquished

Notes
Turn   | Place    | Note
-------+----------+-------------------------------------------
     0 | D        | potatolord6000 the Hill Orc Monk began the quest for the Orb.
     0 | D        | Reached XP level 1. HP: 19/19 MP: 1/1
    48 | D        | Found a bloodstained altar of Trog.
    48 | D        | Found a deep blue altar of Sif Muna.
    48 | D        | Found a viscous altar of Jiyva.
    48 | D        | Found a hazy altar of Hepliaklqana.
    48 | D        | Found an opulent altar of Gozag.
    49 | D        | Found a glowing golden altar of the Shining One.
    49 | D        | Found a glowing silver altar of Zin.
    49 | D        | Found a basalt altar of Yredelemnul.
    49 | D        | Found a shimmering altar of Xom.
    49 | D        | Found a sacrificial altar of Ru.
    49 | D        | Found a stormy altar of Qazlal.
    49 | D        | Found an iron altar of Okawaru.
    49 | D        | Found a sparkling altar of Nemelex Xobeh.
    49 | D        | Found a burning altar of Makhleb.
    49 | D        | Found a blossoming altar of Fedhas.
    49 | D        | Found a white marble altar of Elyvilon.
    49 | D        | Found a shadowy altar of Dithmenos.
    49 | D        | Found a snail-covered altar of Cheibriados.
    51 | D        | Found a radiant altar of Vehumet.
    51 | D        | Found a corrupted altar of Lugonu.
    51 | D        | Found a roughly hewn altar of Beogh.
    52 | D        | Found a hide-covered altar of Uskayaw.
    52 | D        | Found an ancient bone altar of Kikubaaqudgha.
    52 | D        | Found a shattered altar of Ashenzari.
    61 | D        | Became a worshipper of Beogh the Brigand
    61 | D        | Reached * piety under Beogh
    61 | D        | Reached ** piety under Beogh
    79 | D        | Noticed a floating eye
    84 | D        | Reached skill level 1 in Armour
    84 | D        | Reached skill level 1 in Invocations
    88 | D        | Paralysed by a floating eye for 3 turns
    91 | D        | Killed a floating eye
    91 | D        | Reached skill level 7 in Axes
    91 | D        | Reached skill level 5 in Invocations
    91 | D        | Reached XP level 2. HP: 30/31 MP: 1/5
    91 | D        | Reached XP level 3. HP: 37/38 MP: 1/7
    91 | D        | Reached XP level 4. HP: 43/45 MP: 1/8
   163 | D        | Noticed a slave
   163 | D        | Noticed a slave
   164 | D        | Noticed Pikel
   164 | D        | Noticed a slave
   164 | D        | Noticed a slave
   166 | D        | Killed Pikel
   166 | D        | Reached *** piety under Beogh
   166 | D        | Reached skill level 10 in Axes
   166 | D        | Reached skill level 10 in Invocations
   166 | D        | Reached XP level 5. HP: 58/58 MP: 5/12
   166 | D        | Reached XP level 6. HP: 66/66 MP: 5/13
   166 | D        | Reached XP level 7. HP: 71/71 MP: 5/14
   258 | D        | Reached skill level 10 in Fighting
   261 | D        | Reached skill level 11 in Axes
   271 | D        | Reached **** piety under Beogh
   279 | D        | Reached XP level 8. HP: 63/81 MP: 4/16
   287 | D        | Reached ***** piety under Beogh
   311 | D        | Noticed a molten gargoyle
   313 | D        | Killed a molten gargoyle
   313 | D        | Reached skill level 12 in Axes
   313 | D        | Reached skill level 10 in Armour
   316 | D        | Noticed Jessica
   317 | D        | Killed Jessica
   330 | D        | Noticed a tyrant leech
   332 | D        | Killed a tyrant leech
   339 | D        | Reached skill level 13 in Axes
   339 | D        | Reached XP level 9. HP: 68/90 MP: 11/18
   471 | D        | Noticed an orc sorcerer
   473 | D        | Reached ****** piety under Beogh
   475 | D        | Noticed a rust devil
   675 | D        | Noticed a manticore
   675 | D        | Noticed a two-headed ogre
   675 | D        | Noticed a black mamba
   677 | D        | Killed a manticore
   683 | D        | Killed a black mamba
   683 | D        | Killed a two-headed ogre
   683 | D        | Reached skill level 14 in Axes
   721 | D        | Noticed a smoke demon
   724 | D        | Killed a smoke demon
   724 | D        | Reached XP level 10. HP: 89/101 MP: 16/20
   762 | D        | Reached skill level 15 in Axes
   930 | D        | Noticed a smoke demon
   936 | D        | Killed a smoke demon
   936 | D        | Reached skill level 15 in Invocations
   943 | D        | Noticed a manticore
   945 | D        | Killed a manticore
   984 | D        | Killed a ghost moth
   984 | D        | Reached skill level 16 in Axes
   988 | D        | Killed an unseen horror
   988 | D        | Reached skill level 15 in Fighting
  1001 | D        | Reached XP level 11. HP: 63/112 MP: 3/23
  1001 | D        | Gained Grimold as an ally
  1163 | D        | Noticed a fire crab
  1165 | D        | Noticed Psyche
  1165 | D        | Killed a shadow wraith
  1166 | D        | Noticed an orc high priest
  1167 | D        | Killed a fire crab
  1167 | D        | Reached skill level 17 in Axes
  1168 | D        | Noticed a deep elf mage
  1170 | D        | Noticed a phantasmal warrior
  1178 | D        | Noticed a sixfirhy
  1191 | D        | Killed a deep elf mage
  1193 | D        | Killed Psyche
  1196 | D        | Killed a phantasmal warrior
  1197 | D        | Killed a shadow wraith
  1200 | D        | Killed an orc high priest
  1201 | D        | Reached skill level 15 in Armour
  1355 | D        | Noticed a deep elf mage
  1361 | D        | Killed a deep elf mage
  1638 | D        | Noticed a spriggan rider
  1644 | D        | Reached skill level 18 in Axes
  1688 | D        | Noticed a two-headed ogre
  1688 | D        | Gained mutation: Scrolls take you a little longer to read. [a neqoxec]
  1696 | D        | Gained mutation: You are dopey. (Int -2) [a neqoxec]
  1701 | D        | Killed a two-headed ogre
  1762 | D        | Noticed a merfolk aquamancer
  1762 | D        | Noticed a green draconian
  1762 | D        | Noticed a red draconian
  1767 | D        | Killed a merfolk aquamancer
  1767 | D        | Reached XP level 12. HP: 122/125 MP: 25/25
  1771 | D        | Killed a green draconian
  1789 | D        | Killed a red draconian
  1789 | D        | Reached skill level 19 in Axes
  1796 | D        | Got the ring "Piataegg" {rCorr rC+ rN+}
  1986 | D        | Noticed Polyphemus
  1987 | D        | Noticed an orc high priest
  2003 | D        | Killed Polyphemus
  2009 | D        | Killed an orc high priest
  2014 | D        | Noticed Joseph
  2029 | D        | Killed Joseph
  2030 | D        | Noticed an anaconda
  2034 | D        | Noticed a death knight
  2042 | D        | Killed an anaconda
  2055 | D        | Killed a death knight
  2060 | D        | Reached skill level 20 in Axes
  2075 | D        | Noticed a frost giant
  2085 | D        | Killed a frost giant
  2086 | D        | Reached XP level 13. HP: 94/136 MP: 17/27
  2103 | D        | Noticed a merfolk javelineer
  2128 | D        | Killed a merfolk javelineer
  2316 | D        | Killed a lorocyproca
  2546 | D        | Noticed a minotaur
  2549 | D        | Noticed a green death
  2556 | D        | Reached skill level 21 in Axes
  2556 | D        | Killed a minotaur
  2557 | D        | Noticed an angel
  2562 | D        | HP: 1/139 [green death/poison arrow (38)]
  2562 | D        | Slain by an orc warrior

Skill      XL: |  1  2  3  4  5  6  7  8  9 10 11 12 13 |
---------------+----------------------------------------+-----
Fighting       | 6 9 10 12 13 15 17 18 19 | 19.7
Armour         | 4 8 9 10 12 13 15 17 18 | 18.2
Invocations    | 5 10 11 12 14 16 18 20 | 20.9
Axes           | 7 10 11 13 14 16 18 20 21 | 21.2
Dodging        | |  2.4
Stealth        | |  1.5

Action                   |  1- 3 |  4- 6 |  7- 9 | 10-12 | 13-15 || total
-------------------------+-------+-------+-------+-------+-------++-------
Melee: Hand axe          |    10 |     9 |    45 |       |       ||    64
       War axe           |       |       |    25 |   244 |    52 ||   321
Invok: Smiting           |       |     1 |    13 |    25 |     4 ||    43
       Resurrection      |       |       |       |     3 |     2 ||     5
       Give Item to Name |       |       |       |     1 |       ||     1
  Use: Potion            |       |       |     4 |    24 |     3 ||    31
       Scroll            |       |       |       |     7 |       ||     7
 Stab: Sleeping          |     1 |       |       |       |       ||     1
       Paralysed         |       |       |       |     2 |       ||     2
       Distracted        |       |       |       |     1 |       ||     1
       Confused          |       |       |       |     1 |       ||     1
  Eat: Meat ration       |       |       |     2 |       |       ||     2
Armor: Robe              |       |     2 |       |       |       ||     2
       Chain mail        |       |       |    34 |   216 |    70 ||   320
Dodge: Dodged            |     3 |     4 |    27 |   105 |    20 ||   159
